 Dungeon Crawl Stone Soup version 0.20-a0-1040-gfd09691 (console) character file.

3941 skyler the Carver (level 10, -1/82 HPs)
             Began as a Barachi Berserker on Apr 24, 2017.
             Was an Elder of Trog.
             Slain by a troll (7 damage)
             ... on level 9 of the Dungeon.
             The game lasted 00:11:01 (5754 turns).

skyler the Carver (Barachi Berserker)               Turns: 5754, Time: 00:11:02

Health: -1/82      AC: 16    Str: 22    XL:     10   Next: 21%
Magic:  0/10       EV: 11    Int:  8    God:    Trog [****..]
Gold:   367        SH:  0    Dex: 11    Spells: 9/9 levels left

rFire    . . .     SeeInvis .   h - +0 long sword
rCold    . . .     Gourm    .   (no shield)
rNeg     . . .     Faith    .   i - +0 plate armour
rPois    .         Spirit   +   (no helmet)
rElec    .         Reflect  .   (no cloak)
rCorr    .         Harm     .   (no gloves)
MR       .....                  (no boots)
Stlth    ..........             f - amulet of guardian spirit
Regen    0.3/turn               s - +2 ring of evasion
MPRegen  0.2/turn               x - +3 ring of protection

@: confused, slow
A: +LOS, swims, slowness 1, strong legs 1
a: Hop, Berserk, Trog's Hand, Brothers in Arms, Burn Spellbooks, Renounce
Religion


You were on level 9 of the Dungeon.
You worshipped Trog.
Trog was greatly pleased with you.
You were not hungry.

You visited 1 branch of the dungeon, and saw 9 of its levels.

You collected 367 gold pieces.

Inventory:

Hand Weapons
 a - a +1 falchion
 h - a +0 long sword (weapon)
Armour
 i - a +0 plate armour (worn)
Jewellery
 d - an uncursed ring of resist corrosion
 f - an amulet of guardian spirit (around neck)
 m - an uncursed ring of protection from fire
 r - an uncursed ring of protection from magic
 s - a +2 ring of evasion (left hand)
 x - a +3 ring of protection (right hand)
Wands
 y - a wand of iceblast (8/15)
 D - a wand of random effects (25/48)
 G - a wand of confusion (25/48)
 I - a wand of confusion (22/48)
 L - a wand of lightning (13/15)
 M - a wand of iceblast (6/15)
Scrolls
 e - 8 scrolls of teleportation
 j - 11 scrolls of identify
 n - 4 scrolls of remove curse {unknown}
 p - a scroll of amnesia {unknown}
 v - a scroll of noise {unknown}
 E - a scroll of torment {unknown}
 F - 2 scrolls of random uselessness {unknown}
 H - a scroll of fear {unknown}
 K - a scroll of fog {unknown}
Potions
 l - a potion of lignification {unknown}
 q - 2 potions of flight {unknown}
 t - 2 potions of magic {unknown}
 u - a potion of degeneration {unknown}
 A - a potion of curing {unknown}
 C - a potion of resistance {unknown}
 J - a potion of haste {unknown}
Books
 b - a book of Minor Magic

   Spells                             Type                      Level
   a - Magic Dart                     Conjuration                  1
   b - Blink                          Translocation                2
   c - Call Imp                       Summoning                    2
   d - Slow                           Hexes                        2
   e - Conjure Flame                  Conjuration/Fire             3
   f - Mephitic Cloud                 Conjuration/Poison/Air       3
   Trog disapproves of the use of such an item.
 B - a book of Callings

   Spells                             Type                      Level
   a - Summon Small Mammal            Summoning                    1
   b - Call Imp                       Summoning                    2
   c - Call Canine Familiar           Summoning                    3
   d - Summon Guardian Golem          Hexes/Summoning              3
   e - Summon Lightning Spire         Summoning/Air                4
   f - Summon Ice Beast               Ice/Summoning                4
   Trog disapproves of the use of such an item.
Comestibles
 c - 8 bread rations
 k - 3 royal jellies
 o - 6 fruits
 z - 3 meat rations


   Skills:
 + Level 8.7 Fighting
 * Level 11.2 Long Blades
 + Level 7.9 Armour
 + Level 7.4 Dodging


You had 9 spell levels left.
You didn't know any spells.

Dungeon Overview and Level Annotations

Branches:
Dungeon (9/15)             Temple (0/1) D:4
   Lair: D:8-11         Orc: D:9-12

Altars:
Ashenzari
Cheibriados
Dithmenos
Elyvilon
Fedhas
Trog

Shops:
D:5 =


Innate Abilities, Weirdness & Mutations

Shadows flee at your approach. (+LOS)
You can swim through water.
You cover ground slowly.
You can hop short distances.


Message History

The troll bites you!
* * * LOW HITPOINT WARNING * * *
The troll claws you but does no damage. The troll claws you!
* * * LOW HITPOINT WARNING * * *
You're too confused to move!
You hear some strange, mumbled words.
You are more confused.
The orc wizard hits you but does no damage.
The troll barely misses you. The troll closely misses you.
The troll claws you but does no damage.
You closely miss the troll.
The troll is severely wounded.
You hear some strange, mumbled words.
A magic dart appears from out of thin air!
The magic dart hits you!
The orc wizard hits you but does no damage.
The troll bites you.
* * * LOW HITPOINT WARNING * * *
The troll claws you!
You die...

#.[....# #.........# #
#>...... #.........# #
........## #.........#
# .........#
#.........# #
....h....##
#......####
#.........# ####..##
#.........## #..##
#..........# ##..#
#......@o.###..##
#......{T..##.##
#.!........#...#
#............#.......#
.........))########...
............# #
............#
.............
.............#


You could see a troll, a howler monkey and an orc wizard.

Vanquished Creatures
  The ghost of morik the Grappler, a novice DrTm of Cheibriados (D:8)
  Pikel (D:4)
  A hippogriff (D:9)
  Sigmund (D:3)
  A wyvern (D:8)
  2 ice beasts
  An orc warrior (D:7)
  2 black bears
  4 ogres
  A centaur (D:8)
  4 bullfrogs
  A scorpion (D:4)
  4 howler monkeys
  2 crimson imps
  2 bullfrog zombies
  A centaur skeleton (D:5)
  5 orc priests
  3 bullfrog skeletons
  2 iguanas
  Ijyb (D:5)
  5 orc wizards
  10 worker ants
  A hound zombie (D:7)
  A howler monkey skeleton (D:6)
  7 adders
  A shadow imp (D:8)
  An adder zombie (D:5)
  2 worms
  3 dart slugs
  4 leopard geckos
  32 orcs
  3 giant cockroaches
  4 goblins
  10 hobgoblins
  15 jackals
  10 kobolds
  2 quokkas
  3 ball pythons
  9 bats
  5 frilled lizards
  A jackal skeleton (D:4)
  A quokka zombie (D:5)
  6 rats
176 creatures vanquished.

Vanquished Creatures (others)
  A phantom (D:4)
  A slave (D:4)
  An ogre (D:4)
  A giant cockroach (D:4)
4 creatures vanquished.

Grand Total: 180 creatures vanquished

Notes
Turn   | Place    | Note
-------+----------+-------------------------------------------
     0 | D:1      | skyler the Barachi Berserker began the quest for the Orb.
     0 | D:1      | Reached XP level 1. HP: 18/18 MP: 1/1
   169 | D:1      | Reached XP level 2. HP: 15/25 MP: 2/2
   641 | D:1      | Reached skill level 4 in Long Blades
   653 | D:1      | Reached ** piety under Trog
   969 | D:2      | Reached XP level 3. HP: 30/30 MP: 3/3
  1147 | D:2      | Found a white marble altar of Elyvilon.
  1702 | D:3      | Reached XP level 4. HP: 37/37 MP: 4/4
  1717 | D:3      | Noticed Sigmund
  1735 | D:3      | Killed Sigmund
  1735 | D:3      | Reached skill level 5 in Long Blades
  1735 | D:3      | Reached XP level 5. HP: 38/43 MP: 3/5
  1735 | D:3      | Reached XP level 6. HP: 44/49 MP: 3/6
  1997 | D:3      | Found a blossoming altar of Fedhas.
  2066 | D:3      | Reached skill level 5 in Fighting
  2066 | D:3      | Reached skill level 6 in Long Blades
  2656 | D:4      | Found a shadowy altar of Dithmenos.
  2770 | D:4      | Reached XP level 7. HP: 42/56 MP: 5/7
  2772 | D:4      | Reached *** piety under Trog
  2851 | D:4      | Noticed Pikel
  2890 | D:4      | Killed Pikel
  2890 | D:4      | Reached skill level 7 in Long Blades
  2890 | D:4      | Reached skill level 5 in Armour
  2890 | D:4      | Reached XP level 8. HP: 37/64 MP: 5/8
  2910 | D:4      | Reached skill level 8 in Long Blades
  2947 | D:4      | Received a gift from Trog
  2982 | D:4      | Reached skill level 5 in Dodging
  3177 | D:4      | Found a staircase to the Ecumenical Temple.
  3372 | D:5      | Entered Level 5 of the Dungeon
  3406 | D:5      | Noticed Ijyb
  3416 | D:5      | Killed Ijyb
  3497 | D:5      | Found a bloodstained altar of Trog.
  3625 | D:5      | Found Ikyr's Jewellery Emporium.
  3922 | D:6      | Reached skill level 9 in Long Blades
  3996 | D:6      | Reached XP level 9. HP: 48/72 MP: 9/9
  4074 | D:6      | Found a shattered altar of Ashenzari.
  4359 | D:7      | Found a snail-covered altar of Cheibriados.
  4609 | D:7      | Reached **** piety under Trog
  5038 | D:8      | Noticed morik's ghost (novice DrTm)
  5065 | D:8      | Killed morik's ghost
  5065 | D:8      | Reached skill level 10 in Long Blades
  5452 | D:8      | Reached XP level 10. HP: 82/82 MP: 10/10
  5495 | D:8      | Reached skill level 11 in Long Blades
  5661 | D:9      | Received a gift from Trog
  5754 | D:9      | Slain by a troll

Vault maps used:
D:1:      dpeg_arrival_more_subterranean_lakeside_camping
D:2:      nicolae_overflow_crystal_walls, first_bread
D:3:      cheibrodos_old_hovel, fedhas_altar_2, uniq_sigmund
D:4:      nicolae_dithmenos_shadow_blocks, temple_statues, uniq_pikel
D:5:      marbit_many_paths, serial_shops, shop, item_on_display_a, uniq_ijyb
D:6:      nicolae_ashenzari_panopticon
D:7:      basic_altar
D:9:      orc_0_dummy, special_room, uniq_maurice

Skill      XL: |  1  2  3  4  5  6  7  8  9 10 |
---------------+-------------------------------+-----
Long Blades    | 4 5 6 7 9 10 11 | 11.2
Armour         | 3 4 5 6 7 |  7.9
Fighting       | 4 5 6 7 8 |  8.7
Dodging        | 3 4 5 7 |  7.4

Action                   |  1- 3 |  4- 6 |  7- 9 | 10-12 || total
-------------------------+-------+-------+-------+-------++-------
Melee: Falchion          |   165 |   138 |    82 |       ||   385
       Long sword        |       |       |   389 |    87 ||   476
  Use: Scroll            |       |     3 |       |       ||     3
       Potion            |       |       |       |     2 ||     2
  Eat: Chunk             |     3 |     5 |     9 |     2 ||    19
       Fruit             |       |       |     1 |       ||     1
Armor: Plate armour      |   120 |    80 |   302 |    83 ||   585
       Animal skin       |     3 |       |       |       ||     3
Dodge: Dodged            |    71 |    79 |   260 |    89 ||   499
       Rpst.: Falchion   |    17 |    23 |    11 |       ||    51
       Long sword        |       |       |    75 |    14 ||    89
